 Dungeon Crawl Stone Soup version 0.29.1-2-gbd0b4ee654 (console) character file.

Game seed: 11008332599341117131

740 om the Poker (level 7, -7/52 HPs)
             Began as a Merfolk Gladiator on Oct 24, 2022.
             Was a Priest of Uskayaw.
             Mangled by Prince Ribbit (14 damage)
             ... on level 5 of the Dungeon.
             The game lasted 00:10:46 (6113 turns).

om the Poker (Merfolk Gladiator)                    Turns: 6113, Time: 00:10:48

Health: -7/52      AC: 13    Str: 17    XL:     7   Next: 75%
Magic:  2/7        EV: 13    Int:  7    God:    Uskayaw [***...]
Gold:   309        SH:  0    Dex: 15    Spells: 6/6 levels left

rFire   . . .      SeeInvis .   a - +0 trident
rCold   . . .      Faith    .   (no shield)
rNeg    . . .      Spirit   .   s - +2 ring mail {rPois}
rPois   +          Reflect  .   r - +2 helmet
rElec   .          Harm     .   c - +0 cloak
rCorr   .          Rampage  .   t - +1 pair of gloves {Stlth+}
Will    .....                   z - +2 pair of boots
Stlth   ++........              (no amulet)
HPRegen 0.17/turn               (no ring)
MPRegen 0.10/turn               (no ring)

@: mighty, corroded, studying Fighting
A: (nimble swimmer 2), mertail
a: Renounce Religion, Stomp, Line Pass


You were on level 5 of the Dungeon.
You worshipped Uskayaw.
Uskayaw was noncommittal.
You visited 1 branch of the dungeon, and saw 5 of its levels.
You also visited: Sewer.

You collected 309 gold pieces.

Inventory:

Hand Weapons
 a - a +0 trident (weapon)
Missiles
 d - 3 throwing nets
 e - a javelin
 h - 6 boomerangs (quivered)
 w - 18 poisoned darts
Armour
 c - a +0 cloak (worn)
 r - a +2 helmet (worn)
 s - a +2 ring mail of poison resistance (worn)
 t - a +1 pair of gloves of stealth (worn)
 z - a +2 pair of boots (worn)
Scrolls
 b - 2 scrolls of teleportation
 i - 4 scrolls of immolation
 u - 2 scrolls of identify
 y - a scroll of enchant weapon {unknown}
 A - a scroll of poison
Potions
 f - a potion of flight {unknown}
 g - a potion of brilliance
 j - a potion of attraction {unknown}
 k - a potion of magic {unknown}
 l - 2 potions of heal wounds
 m - 3 potions of haste
 n - a potion of mutation {unknown}
 o - a potion of curing
 p - 2 potions of lignification
 q - a potion of cancellation {unknown}
 v - a potion of might
 x - a potion of invisibility {unknown}


   Skills:
 - Level 3.0 Fighting
 - Level 6.0 Polearms
 + Level 3.8 Throwing
 * Level 4.4 Armour
 - Level 5.0 Dodging


You had 6 spell levels left.
You didn't know any spells.
Your spell library contained the following spells:

 Spells                   Type           Power      Damage    Failure   Level
 Apportation              Tloc           0%         N/A       63%         1
 Magic Dart               Conj           0%         1d3       63%         1
 Necrotise                Necr           0%         1d4       63%         1
 Slow                     Hex            0%         N/A       63%         1
 Summon Small Mammal      Summ           0%         N/A       63%         1
 Blink                    Tloc           0%         N/A       77%         2
 Searing Ray              Conj           0%         2d4       77%         2
 Confusing Touch          Hex            0%         N/A       94%         3
 Frozen Ramparts          Ice            0%         1d1       94%         3
 Lesser Beckoning         Tloc           0%         N/A       94%         3
 Vampiric Draining        Necr           0%         2d6       94%         3
 Fulminant Prism          Conj/Hex       0%         3d6       100%        4
 Ice Form                 Ice/Tmut       0%         N/A       100%        4
 Summon Ice Beast         Ice/Summ       0%         N/A       100%        4
 Summon Lightning Spire   Summ/Air       0%         N/A       100%        4
 Manifold Assault         Tloc           0%         N/A       100%        5
 Storm Form               Tmut/Air       0%         N/A       100%        7
 Maxwell's Capacitive Co  Air            0%         ∞         100%        8


Dungeon Overview and Level Annotations

Branches:
Dungeon (5/15)              Sewer (visited)
 Temple: D:4-7

Altars:
Uskayaw

Annotations:
D:5 Prince Ribbit


Innate Abilities, Weirdness & Mutations

((You are very nimble when in or above water. (Stealth+, EV+, Speed+++)))
Your lower body shifts to a powerful aquatic tail in water.


Message History

You feel much better. Prince Ribbit barely misses you.
Prince Ribbit hits you but does no damage.
The iguana closely misses you. The jelly closely misses you.
You puncture the jelly!
You kill the jelly!
Prince Ribbit hits you but does no damage.
The dart slug closely misses you.
The iguana bites you but does no damage.
Unknown command.
You hit the orc.
The orc is heavily wounded.
Prince Ribbit hits you! The orc completely misses you.
The dart slug bites you but does no damage.
Prince Ribbit hits you but does no damage.
The orc closely misses you. The iguana barely misses you.
You barely miss the orc.
The orc is heavily wounded.
The orc barely misses you. Prince Ribbit hits you.
* * * LOW HITPOINT WARNING * * *
The iguana barely misses you.
Okay, then.
Okay, then.
You puncture the iguana!
You kill the iguana!
The orc hits you but does no damage.
Prince Ribbit hits you but does no damage.
The dart slug launches a dart at you. The slug dart hits you.
* * * LOW HITPOINT WARNING * * *
The orc completely misses you.
Uskayaw will force your foes to helplessly watch your dance.
Uskayaw prepares the audience for your solo!
The helpless Prince Ribbit fails to defend himself.
You puncture Prince Ribbit!
Prince Ribbit is moderately wounded.
Prince Ribbit is no longer paralysed.
The orc priest is no longer paralysed.
Prince Ribbit hits you.
* * * LOW HITPOINT WARNING * * *
Prince Ribbit hits you!
You die...

.........#...#........
........##...........#
.......###.#...#...... .
...###.....#..####......
..## ..## #...# ......
##.# .# ##..## .....
...... #...# .....
#.....# ##..##......
#.....# #...@F...... #
...... #....wo{...... #
#..... #.....o.......
..# ....#..........
..#..##.=.[..... .###.
##........ ##.......
.......


You could see Prince Ribbit, an orc priest, a dart slug (paralysed) and an orc
(berserk, paralysed).

Vanquished Creatures
  A centaur (D:4)
  A kobold brigand (Sewer)
  A scorpion (D:5)
  A hound (D:5)
  A gnoll bouda (D:3)
  2 jellies
  An orc priest (D:4)
  Terence (D:2)
  Natasha (thrice) (D:3)
  2 iguanas (D:5)
  Robin (D:3)
  2 adders
  8 gnolls
  4 worms
  3 dart slugs
  16 orcs
  4 bats (D:1)
  2 endoplasms
  4 giant cockroaches
  13 goblins
  8 hobgoblins
  A quokka (D:1)
  7 ball pythons
  6 frilled lizards
  21 kobolds
  5 rats
119 creatures vanquished.

Vanquished Creatures (others)
  A fungus (Sewer)
1 creature vanquished.

Grand Total: 120 creatures vanquished

Notes
Turn   | Place    | Note
-------+----------+-------------------------------------------
     0 | D:1      | om the Merfolk Gladiator began the quest for the Orb.
     0 | D:1      | Reached XP level 1. HP: 16/16 MP: 1/1
   218 | D:1      | Reached XP level 2. HP: 20/23 MP: 2/2
   566 | D:1      | Found a faded altar of an unknown god.
   661 | D:1      | Reached XP level 3. HP: 27/28 MP: 3/3
  1369 | D:2      | Found a hide-covered altar of Uskayaw.
  1511 | D:2      | Reached skill level 5 in Polearms
  1600 | D:2      | Reached XP level 4. HP: 33/34 MP: 4/4
  1623 | D:2      | Reached skill level 1 in Armour
  1755 | D:2      | Noticed Terence
  1772 | D:2      | Killed Terence
  2329 | D:3      | Noticed Natasha
  2341 | D:3      | Killed Natasha
  2342 | D:3      | Reached XP level 5. HP: 20/41 MP: 5/5
  2860 | D:3      | Noticed Robin
  3009 | D:3      | Noticed Natasha
  3019 | D:3      | Killed Natasha
  3020 | D:3      | Reached skill level 6 in Polearms
  3020 | D:3      | Reached skill level 5 in Dodging
  3067 | D:3      | Noticed Natasha
  3085 | D:3      | Killed Natasha
  3586 | D:3      | Reached XP level 6. HP: 41/47 MP: 6/6
  3659 | D:3      | Killed Robin
  3915 | D:4      | Found a glowing drain.
  3923 | Sewer    | Entered a sewer
  4427 | D:4      | HP: 1/47 [centaur (2)]
  5015 | D:4      | Reached XP level 7. HP: 45/52 MP: 7/7
  5584 | D:4      | Noticed a +0 short sword
  5584 | D:4      | Noticed a +0 falchion
  5584 | D:4      | Noticed a +0 dagger
  5623 | D:4      | Noticed a +0 dagger
  5623 | D:4      | Noticed a +0 falchion
  5625 | D:4      | Noticed a +0 spear
  5625 | D:4      | Noticed a +0 spear
  5625 | D:4      | Noticed a +0 short sword
  5627 | D:4      | Found a hide-covered altar of Uskayaw.
  5641 | D:4      | Became a worshipper of Uskayaw the Reveller
  5787 | D:5      | Entered Level 5 of the Dungeon
  5800 | D:5      | Reached * piety under Uskayaw
  5808 | D:5      | Reached ** piety under Uskayaw
  6093 | D:5      | Noticed Prince Ribbit
  6112 | D:5      | Reached *** piety under Uskayaw
  6113 | D:5      | Mangled by Prince Ribbit

Illustrated notes

Levels and vault maps discovered:
D:1:      minmay_arrival_widening_spiral_narrow, layout_basic,
          basic_ecumenical_altar
D:2:      layout_loops_ring, basic_altar, chequers_serial_rivers_micro_e,
          uniq_terence
D:3:      layout_basic, uniq_natasha, uniq_robin
D:4:      layout_loops_ring, nicolae_uskayaw_en_pointe,
          cheibrodos_sewer_entry_bend, minmay_manual_moon
D:5:      layout_cave_pools, minmay_temple_entry_overgrown, uniq_prince_ribbit1

Skill      XL: |  1  2  3  4  5  6  7 |
---------------+----------------------+-----
Polearms       | 5 6 |  6.0
Fighting       | 3 |  3.0
Armour         | 1 2 3 4 |  4.4
Dodging        | 5 |  5.0
Throwing       | 3 |  3.8

Action                   |  1- 3 |  4- 6 |  7- 9 || total
-------------------------+-------+-------+-------++-------
Melee: Trident           |    80 |   260 |    92 ||   432
       Punch             |       |     6 |     1 ||     7
       Tailslap          |       |     1 |       ||     1
Throw: Boomerang         |       |    10 |       ||    10
Invok: Stomp             |       |       |     3 ||     3
  Use: Scroll            |     3 |    10 |       ||    13
       Potion            |       |     3 |     2 ||     5
 Stab: Paralysed         |       |       |     1 ||     1
       Sleeping          |       |       |     1 ||     1
Armor: Leather armour    |     8 |     5 |       ||    13
       Ring mail         |     8 |   160 |    63 ||   231
Dodge: Dodged            |    71 |   256 |    97 ||   424
